 Dungeon Crawl Stone Soup version 0.26.1-11-gd32895ea62 (webtiles) character file.

Game seed: 14778448521436810353

8948 worthlessgem the Geomancer (level 11, -8/75 HPs)
             Began as a Formicid Earth Elementalist on Sept 21, 2021.
             Was an Elder of Hepliaklqana.
             Mangled by a meliai simulacrum (13 damage)
             ... on level 9 of the Dungeon on Oct 4, 2021.
             The game lasted 01:43:57 (13646 turns).

worthlessgem the Geomancer (FoEE)                  Turns: 13646, Time: 01:43:58

Health: -8/75      AC:  7    Str: 14    XL:     11   Next: 65%
Magic:  15/21      EV: 11    Int: 17    God:    Hepliaklqana [****..]
Gold:   519        SH:  0    Dex: 11    Spells: 1/24 levels left

rFire    . . .     SeeInvis +   a - +1 dagger (venom)
rCold    . . .     Faith    +   (no shield)
rNeg     . . .     Spirit   .   G - +0 troll leather armour
rPois    .         Reflect  .   (helmet unavailable)
rElec    .         Harm     .   (no cloak)
rCorr    .         Rampage  .   v - +2 pair of gloves {archery}
Will     +....                  (no boots)
Stlth    +++.......             q - amulet of faith
HPRegen  0.62/turn              f - ring of wizardry
MPRegen  0.17/turn              (no ring)

@: no status effects
A: permanent stasis, dig shafts and tunnels, four strong arms, reduced essence,
antennae 3
a: Dig, Shaft Self, Renounce Religion, Recall Ancestor, Ancestor Identity,
Transference, Idealise


You were on level 9 of the Dungeon.
You worshipped Hepliaklqana.
Hepliaklqana was greatly pleased with you.
You visited 2 branches of the dungeon, and saw 10 of its levels.
You also visited: Sewer and Ossuary.

You collected 685 gold pieces.
You spent 166 gold pieces at shops.

Inventory:

Hand Weapons
 a - a +1 dagger of venom (weapon)
 b - a +5 dagger of freezing
 e - a +0 vorpal long sword
Missiles
 g - 25 poisoned darts
 E - 224 stones
Armour
 v - a +2 pair of gloves of archery (worn)
 y - a +0 tower shield
 B - the +0 robe of the Last Gods {rF+ Int+4}
   (You bought it in a shop on level 6 of the Dungeon)

   It affects your intelligence (+4).
   It protects you from fire.
 G - a +0 troll leather armour (worn)
Jewellery
 f - a ring of wizardry (left hand)
 q - an amulet of faith (around neck)
Wands
 c - a wand of iceblast (9)
 n - a wand of disintegration (14)
 p - a wand of paralysis (6)
 u - a wand of enslavement (4)
 z - a wand of random effects (3)
 C - a wand of polymorph (9)
Scrolls
 h - 2 scrolls of fear
 i - a scroll of enchant armour
 t - a scroll of fog
 F - a scroll of magic mapping
Potions
 d - 2 potions of curing
 j - 2 potions of invisibility
 k - 2 potions of lignification
 l - 2 potions of flight
 m - a potion of cancellation
 o - 2 potions of heal wounds {unknown}
 r - a potion of might
 s - a potion of attraction {unknown}
 w - a potion of degeneration {unknown}
 x - a potion of ambrosia {unknown}
 A - a potion of brilliance {unknown}
 D - 4 potions of magic


   Skills:
 + Level 7.1 Fighting
 - Level 4.1 Short Blades
 - Level 1.7 Dodging
 - Level 6.3 Stealth
 - Level 7.2 Spellcasting
 - Level 2.8 Conjurations
 * Level 5.7 Necromancy
 - Level 5.2 Transmutations
 - Level 10.8 Earth Magic
 - Level 6.7 Invocations


You had one spell level left.
You knew the following spells:

 Your Spells              Type           Power        Failure   Level
a - Sandblast             Erth           84%          1%          1
b - Passwall              Tmut/Erth      27%          1%          2
c - Stone Arrow           Conj/Erth      58%          1%          3
d - Petrify               Tmut/Erth      33%          2%          4
e - Lee's Rapid Deconstr  Erth           21%          1%          5
f - Vampiric Draining     Necr           12%          1%          3
g - Borgnjor's Vile Clut  Necr/Erth      17%          5%          5

Your spell library contained the following spells:

 Spells                   Type           Power        Failure   Level
 Animate Skeleton         Necr           50%          1%          1
 Pain                     Necr           100%         1%          1
 Animate Dead             Necr           12%          5%          4
 Agony                    Necr           25%          16%         5
 Summon Lightning Spire   Summ/Air       6%           47%         4
 Shatter                  Erth           21%          100%        9
 Swiftness                Air            Unusable     N/A         2

Dungeon Overview and Level Annotations

Branches:
Dungeon (9/15)             Temple (1/1) D:6           Sewer (visited)
Ossuary (visited)
   Lair: D:8-11         Orc: D:9-12

Altars:
Cheibriados
Dithmenos
Elyvilon
Fedhas
Gozag
Hepliaklqana
Kikubaaqudgha
Makhleb
Nemelex Xobeh
Okawaru
Ru
Trog
Uskayaw
Xom
The Shining One

Shops:
D:5 *   D:6 [   D:8 *

Annotations:
D:2 1 exclusion
D:5 2 transporters
D:9 2 transporters, Diggabert's ghost, journeyman HOFi


Innate Abilities, Weirdness & Mutations

You cannot be hasted, slowed, berserked, paralysed or teleported.
You can dig through walls and to a lower floor.
Your four strong arms can wield two-handed weapons with a shield.
You have a pair of large antennae on your head. (SInv)
Your life essence is reduced to manifest your ancestor. (-10% HP)


Message History

The meliai simulacrum hits you but does no damage.
You hit the meliai simulacrum.
The meliai simulacrum is heavily damaged.
The meliai simulacrum hits you but does no damage. x3
The meliai simulacrum barely misses you.
You barely miss the meliai simulacrum.
The meliai simulacrum is heavily damaged.
The meliai simulacrum hits you. The meliai simulacrum freezes you!
The meliai simulacrum hits you. The meliai simulacrum freezes you!
Are you sure you want to shaft yourself?
The meliai simulacrum hits you but does no damage.
The meliai simulacrum hits you.
* * * LOW HITPOINT WARNING * * *
The meliai simulacrum freezes you!
* * * LOW HITPOINT WARNING * * *
The meliai simulacrum closely misses you.
The meliai simulacrum hits you.
* * * LOW HITPOINT WARNING * * *
The meliai simulacrum freezes you!
You die...

### ### ♣.♣ ♣... {
..♣♣..♣ { ♣.♣Z≈≈ ♣...
♣♣.♣♣
#############...######
.......o@Z...†.........
...###.#####....#######
{{... #.†.## .....
#...# o.....# #...###
#..### ##†#..# ###
#.....# #...#..##
.......#..## ####


You could see a meliai simulacrum and an orc.

Vanquished Creatures
  Gastronok (D:9)
  Pikel (D:4)
  Maggie (D:6)
  2 trolls (D:9)
  Grinder (D:3)
  Sigmund (D:5)
  4 yaks (D:9)
  A wyvern (D:8)
  Menkaure (D:6)
  2 orc warriors (D:8)
  A sky beast (D:9)
  An ice beast (D:6)
  A necrophage (D:9)
  3 ogres
  4 centaurs
  2 lemures (D:4)
  A big kobold (Sewer)
  3 bullfrogs
  A wyvern skeleton (D:7)
  A scorpion (D:6)
  2 wights (D:9)
  A howler monkey (D:9)
  5 hounds
  An orc priest (D:8)
  2 bullfrog skeletons
  2 human zombies (Ossuary)
  2 iguanas
  An orc wizard (D:6)
  Ijyb (D:4)
  7 worker ants
  Terence (D:3)
  5 big kobold zombies (Ossuary)
  2 hound zombies
  2 mummies (Ossuary)
  A howler monkey skeleton (D:6)
  2 gnolls (D:3)
  7 adders
  A shadow imp (D:8)
  A white imp (D:9)
  3 ufetubi
  4 oozes
  2 worms
  3 dart slugs
  4 leopard geckos
  12 orcs
  4 ball pythons (Sewer)
  8 giant cockroaches
  3 goblins
  6 hobgoblins
  2 jackals (D:7)
  16 kobolds
  2 quokkas
  A ball python skeleton (D:5)
  4 bats
  6 frilled lizards
  2 giant cockroach zombies (D:5)
  A gnoll zombie (Ossuary)
  A goblin zombie (Ossuary)
  A hobgoblin zombie (Ossuary)
  2 jackal skeletons
  A jackal zombie (D:5)
  A quokka skeleton (D:6)
  6 rats
174 creatures vanquished.

Vanquished Creatures (collateral kills)
  2 two-headed ogres
  A hornet (D:9)
  A wyvern (D:8)
  2 yaks (D:9)
  Edmund (D:5)
  A phantom (D:5)
  A lemure (D:4)
  A big kobold (Sewer)
  A bullfrog (D:6)
  2 scorpions
  A jelly (D:9)
  2 orc wizards
  2 centaur skeletons (D:7)
  2 big kobold zombies (Ossuary)
  A howler monkey skeleton (D:6)
  A gnoll (D:3)
  4 adders
  2 river rats
  A shadow imp (D:7)
  4 oozes
  2 adder skeletons
  3 worms (Sewer)
  A dart slug (D:2)
  6 orcs
  2 ball pythons
  A goblin (D:3)
  2 hobgoblins (D:1)
  A jackal (D:7)
  3 bats
  2 frilled lizards
  A gnoll zombie (Ossuary)
  A hobgoblin zombie (Ossuary)
  A kobold (Sewer)
  A rat (D:3)
60 creatures vanquished.

Vanquished Creatures (others)
  A wight (D:9)
  3 hexers
  6 plants
10 creatures vanquished.

Grand Total: 244 creatures vanquished

Notes
Turn   | Place    | Note
-------+----------+-------------------------------------------
     0 | D:1      | worthlessgem the Formicid Earth Elementalist began the
                  | quest for the Orb.
     0 | D:1      | Reached XP level 1. HP: 13/13 MP: 3/3
   354 | D:1      | Reached skill level 4 in Earth Magic
   376 | D:2      | Noticed a shadow
   378 | D:2      | Found a shadowy altar of Dithmenos.
   380 | D:2      | Found a hazy altar of Hepliaklqana.
   417 | D:2      | Reached XP level 2. HP: 19/19 MP: 3/5
   542 | D:2      | Learned a level 2 spell: Passwall
   547 | D:2      | Found a shimmering altar of Xom.
   566 | D:3      | Noticed Terence
   642 | D:2      | Became a worshipper of Hepliaklqana the Forgotten
   685 | D:3      | Found a glowing drain.
   736 | Sewer    | Entered a sewer
   878 | Sewer    | Reached XP level 3. HP: 21/21 MP: 4/6
   882 | Sewer    | Learned a level 3 spell: Stone Arrow
   977 | Sewer    | Reached skill level 5 in Earth Magic
  1453 | Sewer    | Noticed a big kobold
  1487 | Sewer    | Reached XP level 4. HP: 19/27 MP: 7/7
  1585 | Sewer    | Killed a big kobold
  1586 | Sewer    | Reached skill level 1 in Conjurations
  1586 | Sewer    | Reached skill level 6 in Earth Magic
  1586 | Sewer    | Reached XP level 5. HP: 30/31 MP: 4/8
  1891 | Sewer    | Noticed a big kobold
  1915 | Sewer    | Killed a big kobold
  1916 | Sewer    | Reached XP level 6. HP: 27/36 MP: 3/9
  2040 | Sewer    | Reached skill level 7 in Earth Magic
  2975 | D:3      | Reached * piety under Hepliaklqana
  2996 | D:3      | Noticed Grinder
  3342 | D:2      | Found a white marble altar of Elyvilon.
  3343 | D:2      | Found a sparkling altar of Nemelex Xobeh.
  3345 | D:2      | Found a hide-covered altar of Uskayaw.
  3346 | D:2      | Found an opulent altar of Gozag.
  3347 | D:2      | Found a sacrificial altar of Ru.
  3557 | D:2      | Found a bloodstained altar of Trog.
  4174 | D:1      | Reached ** piety under Hepliaklqana
  4175 | D:1      | Remembered your ancestor Wigmund as a hexer
  4896 | D:4      | Reached XP level 7. HP: 30/41 MP: 10/10
  4901 | D:4      | Learned a level 4 spell: Petrify
  4915 | D:4      | Found a blossoming altar of Fedhas.
  5076 | D:4      | Noticed Pikel
  5167 | D:4      | Reached skill level 1 in Short Blades
  5221 | D:5      | Entered Level 5 of the Dungeon
  5471 | D:5      | Found a sparkling altar of Nemelex Xobeh.
  5524 | D:5      | Noticed Sigmund
  5546 | D:5      | Killed Sigmund
  5547 | D:5      | Reached XP level 8. HP: 43/46 MP: 8/12
  5600 | D:5      | Found a transporter.
  5664 | D:5      | Found a transporter.
  5731 | D:5      | Found Zacly's General Store.
  5739 | D:5      | Bought a scroll of fear for 52 gold pieces
  5785 | D:5      | Noticed Edmund
  5791 | D:5      | Killed Edmund
  6031 | D:5      | Reached skill level 5 in Stealth
  6157 | D:5      | You fall into a shaft and drop 2 floors!
  6324 | D:7      | Reached *** piety under Hepliaklqana
  7242 | D:7      | Reached skill level 1 in Invocations
  7486 | D:6      | Reached XP level 9. HP: 33/51 MP: 8/15
  7524 | D:6      | Found Suilu's Antique Armour Emporium.
  7705 | D:6      | Bought an ominously black robe for 114 gold pieces
  7794 | D:6      | Identified the +0 robe of the Last Gods {rF+ Int+4} (You
                  | bought it in a shop on level 6 of the Dungeon)
  7884 | D:6      | Reached skill level 5 in Transmutations
  8068 | D:6      | Noticed Menkaure
  8402 | D:5      | Learned a level 5 spell: Lee's Rapid Deconstruction
  8810 | D:4      | Killed Pikel
  8811 | D:4      | Reached skill level 8 in Earth Magic
  8811 | D:4      | Reached skill level 5 in Invocations
  8864 | D:4      | Reached **** piety under Hepliaklqana
  8864 | D:4      | Noticed Ijyb
  8871 | D:4      | Killed Ijyb
  9225 | D:3      | Killed Terence
  9432 | D:3      | Found a snail-covered altar of Cheibriados.
  9517 | D:3      | Killed Grinder
  9518 | D:3      | Reached skill level 1 in Fighting
  9876 | D:6      | Found a staircase to the Ecumenical Temple.
  9876 | D:6      | Noticed Maggie
  9999 | D:6      | Identified the Almanac of Weightlessness and the Mountains
 10020 | D:6      | Killed Menkaure
 10271 | D:6      | Found a burning altar of Makhleb.
 10315 | D:8      | Noticed a two-headed ogre
 10402 | D:8      | Found Omyfoluqi's Elemental Accessories.
 10522 | D:8      | Reached XP level 10. HP: 54/62 MP: 14/16
 10543 | D:8      | Found a sand-covered staircase.
 10550 | Ossuary  | Entered an ossuary
 11028 | D:8      | Learned a level 3 spell: Vampiric Draining
 11146 | D:8      | Reached skill level 5 in Spellcasting
 11178 | D:8      | Reached skill level 1 in Necromancy
 11249 | D:8      | Found a bloodstained altar of Trog.
 11317 | D:8      | Killed a two-headed ogre
 11318 | D:8      | Reached skill level 9 in Earth Magic
 11912 | D:9      | Found a glowing golden altar of the Shining One.
 11951 | D:9      | Found a transporter.
 11953 | D:9      | Found a transporter.
 11953 | D:9      | Noticed a two-headed ogre
 11953 | D:9      | Noticed Diggabert's ghost (journeyman HOFi)
 11970 | D:9      | Killed a two-headed ogre
 11971 | D:9      | Reached skill level 5 in Fighting
 12147 | D:9      | Noticed Gastronok
 12213 | D:9      | Killed Gastronok
 12214 | D:9      | Reached skill level 10 in Earth Magic
 12214 | D:9      | Reached XP level 11. HP: 29/74 MP: 10/20
 12504 | D:9      | Reached skill level 5 in Necromancy
 12829 | D:6      | Killed Maggie
 12836 | Temple   | Entered the Ecumenical Temple
 13385 | D:9      | Learned a level 5 spell: Borgnjor's Vile Clutch
 13420 | D:9      | Noticed a two-headed ogre
 13646 | D:9      | Mangled by a meliai simulacrum

Illustrated notes

Levels and vault maps discovered:
D:1:      psy_arrival_radial02, layout_basic
D:2:      layout_rooms, riverfiend_overflow_shadow_ancestor,
          nicolae_overflow_hidden_temple, lemuel_round_altar,
          grunt_temple_overflow_open
D:3:      cheibrodos_helix_gallery, layout_basic, kennysheep_slug_shrine,
          portal_sewer_entry_b, uniq_terence, uniq_grinder
D:4:      layout_loops_ring, fedhas_altar_fruit_tree,
          minmay_misc_feat_secret_circle, uniq_pikel, uniq_ijyb
D:5:      gammafunk_cloud_chamber, layout_gridville, basic_altar, serial_shops,
          nicolae_shop_stone, chequers_serial_rivers_small_a, uniq_edmund,
          uniq_sigmund
D:6:      layout_basic, kennysheep_mini_moat, minmay_temple_entry_tees,
          serial_shops, nicolae_shop_overgrown_old_shop, uniq_maggie,
          uniq_menkaure
D:7:      layout_loops_cross
D:8:      layout_cave_pools, chequers_ossuary_entry_cave,
          nicolae_elemental_shop, lemuel_tele_altar
D:9:      nzn_winding_woodlands_medium [nzn_winding_woodlands_5x5_closed_star,
          nzn_winding_woodlands_5x15_twine, nzn_winding_woodlands_5x5_open_star,
          nzn_winding_woodlands_5x5_perimeter,
          nzn_winding_woodlands_center_lodge,
          nzn_winding_woodlands_5x5_checkerboard,
          nzn_winding_woodlands_5x5_default,
          nzn_winding_woodlands_5x15_pathside_ponds,
          nzn_winding_woodlands_hourglass], layout_layer_cave, tso_metal_star,
          serial_shops, shop_statue, gammafunk_ghost_arena, uniq_gastronok
Temple:   compressed_dpeg_triangle_lava_temple

Skill      XL: |  1  2  3  4  5  6  7  8  9 10 11 |
---------------+----------------------------------+-----
Earth Magic    | 4 5 6 7 8 10 | 10.8
Conjurations   | 1 2 |  2.8
Short Blades   | 2 3 4 |  4.1
Stealth        | 4 5 6 |  6.3
Transmutations | 2 4 5 |  5.2
Spellcasting   | 3 4 6 7 |  7.2
Invocations    | 1 6 |  6.7
Fighting       | 2 6 7 |  7.1
Necromancy     | 4 5 |  5.7
Dodging        | |  1.7

Action                   |  1- 3 |  4- 6 |  7- 9 | 10-12 || total
-------------------------+-------+-------+-------+-------++-------
Melee: Hand axe          |    19 |       |       |       ||    19
       Mace              |    33 |    80 |       |       ||   113
       Dagger            |       |    13 |   201 |   186 ||   400
Throw: Stone             |     1 |     1 |     2 |       ||     4
 Cast: Sandblast         |     6 |    18 |    34 |    11 ||    69
       Passwall          |     2 |     5 |     6 |     9 ||    22
       Stone Arrow       |     1 |    12 |    18 |    14 ||    45
       Petrify           |       |       |     4 |     8 ||    12
       Lee's Rapid Decon |       |       |     1 |     1 ||     2
       Vampiric Draining |       |       |       |     9 ||     9
       Borgnjor's Vile C |       |       |       |     4 ||     4
Invok: Ancestor Identity |     1 |       |       |       ||     1
       Recall Ancestor   |     1 |    10 |    11 |     7 ||    29
       Ancestor Life: He |       |     1 |       |       ||     1
       Transference      |       |       |       |     2 ||     2
 Abil: Dig               |     6 |     7 |    13 |     9 ||    35
       Shaft Self        |       |       |       |     1 ||     1
Evoke: Wand              |       |       |     2 |    14 ||    16
  Use: Scroll            |       |       |    11 |     5 ||    16
       Potion            |       |       |     1 |     1 ||     2
 Stab: Sleeping          |       |     5 |     7 |     7 ||    19
       Confused          |       |       |     3 |     6 ||     9
       Distracted        |       |       |     4 |     4 ||     8
       Petrified         |       |       |     4 |       ||     4
       Paralysed         |       |       |       |     1 ||     1
Armor: Robe              |    16 |    20 |    31 |    26 ||    93
       Troll leather arm |       |       |       |     5 ||     5
Dodge: Dodged            |    49 |    79 |   116 |    90 ||   334
